Map: Буревестник РВ

Players

DeusVult

  • Race: Protoss Protoss
  • Spawn Location: 5:00

ИИ 1 (эксперт) - Winner!

  • Race: Protoss Protoss
  • Spawn Location: 11:00

VOD

Have the link to the VOD?

Description

Time

  • Played on: Sept. 13, 2020, 9:40 a.m.
  • Length: 6:28
Show
View Real Time Build Order
Export as new Build Order

DeusVult Protoss 

Build Orders: Blink Stalkers 

Get SALT Encoding   

  12  0:00  Probe  
  13  0:12  Probe  
  14  0:18  Pylon  
  14  0:24  Probe (Chrono Boost)  
  15  0:37  Probe (Chrono Boost)  
  15  0:40  Gateway  
  16  0:43  Probe (Chrono Boost)  
  16  0:47  Assimilator  
  17  0:51  Probe  
  17  0:54  Assimilator  
  18  1:04  Probe (Chrono Boost)  
  19  1:11  Gateway  
  19  1:16  Probe (Chrono Boost)  
  20  1:24  Probe (Chrono Boost)  
  21  1:30  Cybernetics Core, Probe  
  22  1:41  Pylon  
  22  1:42  Probe  
  23  2:04  Assimilator  
  23  2:07  Stalker x2  
  23  2:08  Warp Gate  
  27  2:16  Twilight Council  
  27  2:33  Pylon  
  27  2:37  Stalker x2  
  31  2:48  Blink (Chrono Boost)  
  31  3:01  Gateway  
  31  3:05  Gateway  
  31  3:11  Stalker  
  33  3:18  Stalker  
  35  3:31  Pylon  
  35  3:51  Pylon  
  35  3:56  Stalker  
  35  3:57  Stalker  
  35  3:59  Sentry  
  35  4:00  Stalker  
  43  4:06  Pylon  
  43  4:19  Stalker  
  43  4:21  Stalker  
  47  4:51  Stalker  
  47  4:52  Stalker x2  
  53  5:31  Stalker x3  
  53  5:32  Stalker  
  61  5:58  Stalker  
  61  6:01  Pylon  
  61  6:03  Pylon  
  63  6:05  Pylon  
  63  6:27  Stalker x4  
Show
View Real Time Build Order
Export as new Build Order

ИИ 1 (эксперт) Protoss - Winner!

Build Orders:  

Get SALT Encoding   

  12  0:00  Probe  
  13  0:13  Probe  
  14  0:19  Pylon  
  14  0:25  Probe  
  15  0:33  Probe  
  15  0:40  Gateway  
  15  0:41  Probe  
  16  0:47  Assimilator  
  17  0:51  Probe  
  18  0:59  Pylon, Probe  
  19  1:07  Probe  
  19  1:17  Probe  
  21  1:29  Zealot  
  21  1:31  Cybernetics Core  
  23  1:39  Gateway, Probe  
  24  1:50  Pylon  
  24  1:52  Probe  
  25  1:57  Zealot  
  25  2:01  Probe  
  27  2:07  Warp Gate  
  28  2:09  Probe  
  29  2:24  Adept  
  29  2:26  Adept  
  33  2:30  Gateway  
  33  2:39  Gateway  
  33  2:40  Probe  
  33  2:50  Adept  
  33  2:56  Adept  
  37  2:59  Pylon  
  37  3:00  Probe  
  38  3:14  Adept  
  38  3:17  Adept  
  40  3:26  Adept x2  
  46  3:29  Pylon  
  46  3:39  Robotics Facility  
  46  4:01  Twilight Council  
  46  4:08  Pylon  
  46  4:25  Assimilator  
  46  4:39  Zealot  
  46  4:45  Zealot  
  44  4:51  Zealot  
  44  5:04  Templar Archives  
  44  5:20  Pylon  
  44  5:23  Pylon  
  44  5:26  Pylon  
  44  5:30  Pylon, Nexus  
  41  5:40  Pylon  
  39  5:48  Zealot  
  25  5:57  Zealot  
  25  6:03  Pylon  
  23  6:06  High Templar  
Tags
 
Add a new tag
Caveats
  • Supply blocks, unpowered buildings, or Contaminate may cause inaccurate times.
  • Supply counts are checked every 10 seconds.